 Dungeon Crawl Stone Soup version 0.30-a0-928-g7f6bbad527 (webtiles) character file.

Game seed: 630503005993730341

48 Morbidden the Conjurer (level 3, 0/25 HPs)
             Began as a Demonspawn Conjurer on Mar 23, 2023.
             Slain by Grinder (3 damage)
             ... on level 3 of the Dungeon.
             The game lasted 00:01:39 (1951 turns).

Morbidden the Conjurer (Demonspawn Conjurer)        Turns: 1951, Time: 00:01:39

Health: 0/25       AC:  3    Str:  7    XL:     3   Next: 50%
Magic:  0/6        EV: 12    Int: 21    God:
Gold:   74         SH:  0    Dex: 17    Spells: 3/6 levels left

rFire   . . .      SeeInvis .    (no weapon)
rCold   . . .      Faith    .    (no shield)
rNeg    . . .      Spirit   .    a - +0 robe
rPois   .          Reflect  .    (helmet restricted)
rElec   .          Rampage  .    (no cloak)
rCorr   .                        (no gloves)
Will    .....                    k - +0 pair of boots
Stlth   ++                       (no amulet)
HPRegen 0.24/turn                c - +6 ring of dexterity
MPRegen 0.10/turn                m - ring of wizardry

@: no status effects
A: horns 1, weakness stinger 1
a: no special abilities


You were on level 3 of the Dungeon.
You visited 1 branch of the dungeon, and saw 3 of its levels.

You collected 74 gold pieces.

Inventory:

Hand Weapons
 i - a +0 dagger
Missiles
 j - 2 silver javelins
Armour
 a - a +0 robe (worn)
 k - a +0 pair of boots (worn)
Jewellery
 c - a +6 ring of dexterity (left hand)
 m - a ring of wizardry (right hand)
 p - an amulet of faith
Scrolls
 e - a scroll of identify {unknown}
 h - 3 scrolls of teleportation {unknown}
 l - a scroll of magic mapping {unknown}
 o - a scroll of enchant armour {unknown}
Potions
 b - a potion of magic
 d - 2 potions of ambrosia {unknown}
 f - a potion of might {unknown}
 g - 3 potions of curing {unknown}
 n - a potion of haste {unknown}
 q - a potion of attraction {unknown}


   Skills:
 * Level 0.6 Fighting
 * Level 0.1 Armour
 * Level 2.0 Dodging
 + Level 1.7 Stealth
 * Level 2.2 Spellcasting
 * Level 4.9 Conjurations


You had 3 spell levels left.
You knew the following spells:

 Your Spells              Type           Power      Damage    Failure   Level
a - Magic Dart            Conj           88%        1d7       1%          1
b - Searing Ray           Conj           44%        2d6       1%          2

Your spell library contained the following spells:

 Spells                   Type           Power      Damage    Failure   Level
 Dazzling Flash           Conj/Hex       24%        N/A       6%          3
 Fulminant Prism          Conj/Hex       6%         3d7       21%         4
 Iskenderun's Mystic Bla  Conj/Tloc      12%        2d5       21%         4


Dungeon Overview and Level Annotations

Branches:
Dungeon (3/15)

Altars:
Ashenzari

Annotations:
D:2 1 runed translucent door, Crazy Yiuf
D:3 Grinder


Innate Abilities, Weirdness & Mutations

You have a pair of small horns on your head.
You have a small tail.


Message History

Casting: Magic Dart (safe; 1% risk of failure)
Confirm with . or Enter, or press ? or * to list all spells.
Aiming: Magic Dart (safe; 1% risk of failure)
Press: ? - help, Shift-Dir - straight line, f - Grinder
Aim: Grinder (asleep, 100% to hit)
The magic dart hits Grinder.
Grinder is lightly wounded.
Grinder shouts!
Unknown command.
Casting: Magic Dart (safe; 1% risk of failure)
Confirm with . or Enter, or press ? or * to list all spells.
Aiming: Magic Dart (safe; 1% risk of failure)
Press: ? - help, Shift-Dir - straight line, f/p - Grinder
Aim: Grinder (lightly wounded, 100% to hit)
The magic dart hits Grinder.
Grinder is lightly wounded.
Grinder blinks!
Grinder is nearby!
Unknown command.
Okay, then.
Casting: Magic Dart (safe; 1% risk of failure)
Confirm with . or Enter, or press ? or * to list all spells.
Aiming: Searing Ray (safe; 1% risk of failure)
Press: ? - help, Shift-Dir - straight line, f/p - Grinder
Aim: Grinder (lightly wounded, 75% to hit)
The searing ray misses Grinder. (Press . to maintain the ray.)
The searing ray hits Grinder!
Grinder is moderately wounded.
Grinder hits you.
You writhe in agony.
Unknown command.
The searing ray misses Grinder.
Grinder gestures at you. Pain shoots through your body!
Ouch! That really hurt!
* * * LOW HITPOINT WARNING * * *
Unknown command.
Without enough magic to sustain it, your searing ray dissipates.
Grinder hits you.
You die...

# ###.... .
......
##.#....#
..)..#....#
#..#....!.#
#...#....#
#..#....######
#....@5......
##...........
##..........
##.........
#######........
...............
#.#..##........
#.##.##........
#.##.(.........


You could see Grinder.

Vanquished Creatures
  6 bats
  5 endoplasms
  2 giant cockroaches (D:2)
  8 goblins
  5 hobgoblins
  2 quokkas (D:2)
  7 ball pythons
  3 kobolds
  2 rats
40 creatures vanquished.

Notes
Turn   | Place    | Note
-------+----------+-------------------------------------------
     0 | D:1      | Morbidden the Demonspawn Conjurer began the quest for the
                  | Orb.
     0 | D:1      | Reached XP level 1. HP: 13/13 MP: 3/3
   245 | D:1      | Discovered your monstrous ancestry.
   245 | D:1      | Gained mutation: You have a pair of small horns on your
                  | head. [demonic ancestry]
   245 | D:1      | Reached XP level 2. HP: 19/20 MP: 1/5
   442 | D:1      | Learned a level 2 spell: Searing Ray
   968 | D:1      | Gained mutation: You have a small tail. [demonic ancestry]
   968 | D:1      | Reached XP level 3. HP: 25/25 MP: 3/6
  1652 | D:2      | Found a runed translucent door.
  1653 | D:2      | Noticed Crazy Yiuf
  1816 | D:2      | Found a broken altar of Ashenzari.
  1945 | D:3      | Noticed Grinder
  1951 | D:3      | Slain by Grinder

Illustrated notes

Levels and vault maps discovered:
D:1:      psy_arrival_conway, layout_loops_ring, st_stairs_12,
          serial_bayou_crossing
D:2:      layout_rooms, basic_altar, minmay_pentomino_o4,
          uniq_crazy_yiuf_cottage
D:3:      layout_basic, dreamdust_divine_triumvirate,
          gammafunk_temple_overflow_claw, ebering_ecumenical_altar_ruins,
          uniq_robin, uniq_grinder, uniq_ijyb

Skill      XL: |  1 |
---------------+----+-----
Dodging        | 2 |  2.0
Fighting       | |  0.6
Armour         | |  0.1
Stealth        | |  1.7
Spellcasting   | |  2.2
Conjurations   | |  4.9

Action                     || total
---------------------------++-------
  Melee: Unarmed           ||     7
         Tailslap          ||     1
   Cast: Magic Dart        ||    75
         Searing Ray       ||     1
 Armour: Robe              ||     1
  Dodge: Dodged            ||     6

Table legend: (Time is in decaauts)
 A = Elapsed time spent in this place.
 B = Non-inter-level travel time spent in this place.
 C = Inter-level travel time spent in this place.
 D = Time resting spent in this place.
 E = Time spent auto-exploring this place.
 F = Levels seen in this place.
 G = Mean time per level.
                   A        B        C        D        E       F      G
               +--------+--------+--------+--------+--------+-----+--------+
         Total |   1958 |   1871 |     87 |    199 |   1477 |   3 |  652.7 |
       Dungeon |   1958 |   1871 |     87 |    199 |   1477 |   3 |  652.7 |
               +--------+--------+--------+--------+--------+-----+--------+

Top non-repeatable levels by time:
     D:1: 1209 daAuts
     D:2: 692 daAuts
     D:3: 56 daAuts
